 Dungeon Crawl Stone Soup version 0.20.0-15-g7f486f2 (webtiles) character file.

32330 grindst0ne the Grappler (level 13, -1/124 HPs)
             Began as a Ghoul Monk on June 10, 2017.
             Was the Champion of Makhleb.
             Slain by a crocodile (2 damage)
             ... on level 6 of the Lair of Beasts.
             The game lasted 00:41:49 (20746 turns).

grindst0ne the Grappler (Ghoul Monk)               Turns: 20746, Time: 00:41:49

Health: -1/124     AC: 20    Str: 16    XL:     13   Next: 63%
Magic:  16/16      EV:  6    Int:  5    God:    Makhleb [******]
Gold:   929        SH:  5    Dex: 15    Spells: 8/12 levels left

rFire    + . .     SeeInvis +     - Unarmed
rCold    + . .     Gourm    .   D - +0 buckler
rNeg     + + +     Faith    .   F - +0 plate armour
rPois    ∞         Spirit   .   R - +0 helmet
rElec    .         Reflect  .   B - +1 cloak
rCorr    .         Harm     .   W - +0 pair of gloves
MR       .....                  N - +0 pair of boots
Stlth    ..........             (no amulet)
Regen    0.0/turn               n - ring of see invisible
MPRegen  0.2/turn               c - ring of protection from fire

@: very slightly contaminated, rotting, hasted, invisible, very quick
A: rotting body, claws 1, carnivore 3, cold resistance 1, negative energy
resistance 3, inhibited regeneration, torment resistance, unbreathing
a: Minor Destruction, Lesser Servant of Makhleb, Major Destruction, Greater
Servant of Makhleb, Renounce Religion


You were on level 6 of the Lair of Beasts.
You worshipped Makhleb.
Makhleb was exalted by your worship.
You were hungry.

You visited 3 branches of the dungeon, and saw 17 of its levels.
You also visited: Ossuary.

You collected 929 gold pieces.

Inventory:

Hand Weapons
 u - a +0 blowgun
Missiles
 v - 70 poisoned needles
 L - 3 throwing nets (quivered)
Armour
 B - a +1 cloak (worn)
 D - a +0 buckler (worn)
 F - a +0 plate armour (worn)
 J - a +1 ring mail of cold resistance
 N - a +0 pair of boots (worn)
 R - a +0 helmet (worn)
 W - a +0 pair of gloves (worn)
Jewellery
 c - a ring of protection from fire (right hand)
 n - a ring of see invisible (left hand)
Wands
 p - a wand of scattershot (1/9)
 q - a wand of iceblast (0/15)
 w - a wand of polymorph (11/24)
 O - a wand of scattershot (2/9)
 P - a wand of digging (13/24)
 S - a wand of acid (0/15)
 U - a wand of random effects (22/48)
 V - a wand of paralysis (11/24)
 Y - a wand of iceblast (5/15)
Scrolls
 e - a scroll of amnesia
 g - 10 scrolls of remove curse
 h - 7 scrolls of enchant weapon
 i - a scroll of enchant armour
 j - 5 scrolls of identify
 r - 2 scrolls of random uselessness {unknown}
 t - a scroll of brand weapon
 x - 6 scrolls of teleportation
 y - a scroll of vulnerability {unknown}
 H - a scroll of torment {unknown}
 M - a scroll of summoning {unknown}
 Q - a scroll of acquirement {unknown}
 T - a scroll of immolation {unknown}
 X - a scroll of recharging
Potions
 a - 2 potions of mutation {unknown}
 d - a potion of berserk rage
 k - 2 potions of brilliance
 l - a potion of might
 o - a potion of magic {unknown}
 s - 2 potions of resistance
 z - a potion of haste
 C - 2 potions of lignification
 E - 4 potions of curing
 G - 4 potions of flight
 I - 2 potions of cancellation
Books
 K - a book of Air

   Spells                             Type                      Level
   a - Shock                          Conjuration/Air              1
   b - Swiftness                      Charms/Air                   2
   c - Static Discharge               Conjuration/Air              3
   d - Airstrike                      Air                          4
   e - Lightning Bolt                 Conjuration/Air              5
Comestibles
 b - 4 meat rations
 f - 16 royal jellies
 m - 8 chunks of flesh


   Skills:
 + Level 14.1 Fighting
 + Level 8.3 Armour
 - Level 2.6 Dodging
 - Level 2.1 Stealth
 - Level 5.5 Shields
 + Level 14.2 Unarmed Combat
 - Level 5.1 Invocations
 - Level 6.1 Evocations


You had 8 spell levels left.
You knew the following spells:

 Your Spells              Type           Power        Failure   Level  Hunger
a - Swiftness             Chrm/Air       #.......     100%        2    ###....
b - Blink                 Tloc           N/A          100%        2    ###....


Dungeon Overview and Level Annotations

Branches:
Dungeon (10/15)            Temple (1/1) D:4            Lair (6/6) D:8
 Shoals (0/4) Lair:2        Snake (0/4) Lair:4
  Slime: Lair:5-6       Orc: D:9-12

Altars:
Ashenzari
Cheibriados
Dithmenos
Elyvilon
Fedhas
Gozag
Hepliaklqana
Kikubaaqudgha
Makhleb
Nemelex Xobeh
Okawaru
Qazlal
Ru
Sif Muna
Trog
Uskayaw
Vehumet
Xom
Yredelemnul
Zin
The Shining One

Annotations:
D:6 exclusion: downstairs


Innate Abilities, Weirdness & Mutations

Your body is rotting away.
You thrive on raw meat.
You are immune to poison.
You have sharp fingernails.
You are carnivorous and can eat meat at any time.
Your flesh is cold resistant. (rC+)
You are immune to negative energy. (rN+++)
You do not regenerate when monsters are visible.
You are immune to unholy pain and torment.
You can survive without breathing.


Message History

Your unstable footing causes you to fumble your attack.
The spiny frog stings you!
* * * LOW HITPOINT WARNING * * *
The crocodile bites you!
* * * LOW HITPOINT WARNING * * *
You feel better.
The spiny frog stings you but does no damage.
The crocodile bites you!
* * * LOW HITPOINT WARNING * * *
You fade into invisibility!
The spiny frog stings you but does no damage.
The crocodile bites you but does no damage.
You block the spiny frog's attack.
You are very lightly contaminated with residual magic.
Okay, then.
The crocodile bites you but does no damage.
You feel yourself speed up.
The spiny frog stings you but does no damage.
The crocodile bites you.
You die...

# ## ### #...
.P#.#.##.###
###....
.......@...###
......P
.....≈≈Ft....#
.......
.....≈≈#F.......
.....(P
.P...≈#≈≈.......
......P
.....≈≈≈≈.#....#
.......
..!........#....
...#
#P..#....P##....
...# ###...#(.##
..# ...P#
#....... ..


You could see 2 spiny frogs and a crocodile.

Vanquished Creatures
  Kirke (Lair:4)
  A two-headed ogre (D:9)
  A queen ant (Lair:1)
  The ghost of sagitran the Cudgeler, a novice DsWn of Yredelemnul (D:9)
  A lindwurm (Lair:5)
  The ghost of MTVSty1e the Cleaver, a novice GrFi of Okawaru (D:7)
  A wolf spider (Lair:2)
  A black mamba (Lair:5)
  A deep elf mage (D:8)
  Joseph (D:8)
  2 merfolk sirens (Lair:2)
  14 spiny frogs
  A rime drake (Lair:5)
  2 komodo dragons
  2 trolls (D:10)
  2 merfolk (Lair:2)
  A polar bear (Lair:3)
  A hornet (Lair:1)
  9 blink frogs (Lair:6)
  10 hippogriffs
  Sigmund (D:5)
  A wyvern (Lair:1)
  3 basilisks
  25 yaks
  4 hogs (Lair:4)
  A vampire mosquito (Lair:6)
  Edmund (D:5)
  20 soldier ants
  8 porcupines
  6 water moccasins
  3 orc warriors (D:10)
  A hornet zombie (D:6)
  3 ice beasts (D:9)
  4 sky beasts
  2 phantoms
  4 centaurs
  7 wolves
  6 crocodiles
  A big kobold (D:9)
  2 elf zombies (Ossuary)
  15 bullfrogs
  A water moccasin zombie (D:8)
  A scorpion (D:10)
  A water moccasin skeleton (D:7)
  9 killer bees
  10 wights
  3 howler monkeys
  A bullfrog zombie (D:2)
  6 crimson imps
  2 centaur zombies
  3 hounds
  A gnoll shaman (D:6)
  2 human zombies (Ossuary)
  2 centaur skeletons
  7 jellies
  3 orc priests
  5 orc wizards
  A bullfrog skeleton (D:9)
  4 iguanas
  Ijyb (D:3)
  30 worker ants
  2 big kobold zombies (Ossuary)
  2 hound zombies
  A hound skeleton (D:4)
  3 mummies (Ossuary)
  3 worker ant zombies (D:6)
  A howler monkey skeleton (D:6)
  17 adders
  6 gnolls
  A shadow imp (D:4)
  5 oozes (D:10)
  An adder skeleton (D:4)
  5 adder zombies
  6 worms
  4 dart slugs
  6 leopard geckos
  27 orcs
  6 bats
  2 giant cockroaches
  11 goblins
  8 hobgoblins
  8 jackals
  11 kobolds
  6 quokkas
  2 ball pythons (D:2)
  A ball python skeleton (D:4)
  9 frilled lizards
  4 goblin zombies (Ossuary)
  2 hobgoblin zombies (Ossuary)
  4 jackal zombies (Ossuary)
  6 kobold zombies (Ossuary)
  2 leopard gecko skeletons
  2 orc zombies (Ossuary)
  A quokka skeleton (D:6)
  3 quokka zombies (Ossuary)
  9 rats
  4 rat zombies (Ossuary)
456 creatures vanquished.

Vanquished Creatures (collateral kills)
  Sonja (Lair:3)
  4 basilisks (Lair:3)
  2 wolves (Lair:3)
  A crocodile (Lair:3)
  A fungus (Lair:3)
  A plant (Lair:3)
10 creatures vanquished.

Vanquished Creatures (others)
  A human (Lair:4)
  A worm (Lair:4)
  24 fungi
  55 plants
81 creatures vanquished.

Grand Total: 547 creatures vanquished

Notes
Turn   | Place    | Note
-------+----------+-------------------------------------------
     0 | D:1      | grindst0ne the Ghoul Monk began the quest for the Orb.
     0 | D:1      | Reached XP level 1. HP: 19/19 MP: 0/0
    25 | D:1      | Reached XP level 2. HP: 21/26 MP: 1/1
   492 | D:1      | Reached XP level 3. HP: 32/33 MP: 2/2
  1380 | D:2      | Reached XP level 4. HP: 32/41 MP: 3/3
  2238 | D:2      | Reached skill level 5 in Fighting
  2238 | D:2      | Reached skill level 5 in Unarmed Combat
  2238 | D:2      | Reached XP level 5. HP: 22/48 MP: 4/4
  2872 | D:3      | Noticed Ijyb
  2888 | D:3      | Killed Ijyb
  3645 | D:3      | Reached XP level 6. HP: 51/51 MP: 5/5
  4005 | D:4      | Found a stormy altar of Qazlal.
  4051 | D:4      | Found a staircase to the Ecumenical Temple.
  4074 | Temple   | Entered the Ecumenical Temple
  4891 | D:4      | Found a hide-covered altar of Uskayaw.
  4965 | D:4      | Found a blossoming altar of Fedhas.
  5194 | D:5      | Entered Level 5 of the Dungeon
  5398 | D:5      | Reached XP level 7. HP: 46/64 MP: 6/6
  5544 | D:5      | Found a sacrificial altar of Ru.
  5730 | D:5      | Found a snail-covered altar of Cheibriados.
  5820 | D:5      | Noticed Edmund
  5834 | D:5      | Killed Edmund
  5834 | D:5      | Reached skill level 1 in Shields
  6004 | D:5      | Noticed Sigmund
  6012 | D:5      | Killed Sigmund
  6130 | D:5      | Reached XP level 8. HP: 73/73 MP: 7/7
  7162 | D:6      | Found a white marble altar of Elyvilon.
  7162 | D:6      | Found an opulent altar of Gozag.
  7165 | D:6      | Found a shattered altar of Ashenzari.
  7167 | D:6      | Found a burning altar of Makhleb.
  7174 | D:6      | Became a worshipper of Makhleb the Destroyer
  7174 | D:6      | Reached * piety under Makhleb
  7174 | D:6      | Reached ** piety under Makhleb
  7631 | D:6      | Reached XP level 9. HP: 62/82 MP: 8/8
  7912 | D:7      | Noticed MTVSty1e's ghost (novice GrFi)
  8689 | D:7      | Reached skill level 5 in Shields
  8854 | D:7      | Killed MTVSty1e's ghost
  9183 | D:8      | Noticed a deep elf mage
  9186 | D:8      | Killed a deep elf mage
  9186 | D:8      | Reached skill level 1 in Invocations
  9186 | D:8      | Reached skill level 1 in Evocations
  9200 | D:8      | Reached XP level 10. HP: 91/93 MP: 10/10
  9253 | D:8      | Found a sand-covered staircase.
  9261 | Ossuary  | Entered an ossuary
  9360 | Ossuary  | Reached *** piety under Makhleb
  9517 | Ossuary  | Reached skill level 10 in Fighting
  9532 | Ossuary  | Reached skill level 10 in Unarmed Combat
  9914 | D:8      | Found a staircase to the Lair.
 10126 | D:8      | Noticed Joseph
 10134 | D:8      | Killed Joseph
 10570 | D:9      | Noticed sagitran's ghost (novice DsWn)
 10571 | D:9      | Reached **** piety under Makhleb
 11430 | D:9      | Killed sagitran's ghost
 11688 | D:8      | HP: 4/94 [yak (6)]
 11700 | D:8      | Reached skill level 5 in Invocations
 12359 | D:9      | Reached XP level 11. HP: 97/97 MP: 13/13
 12555 | D:9      | Noticed a two-headed ogre
 12563 | D:9      | Killed a two-headed ogre
 12563 | D:9      | Reached skill level 1 in Armour
 12986 | D:10     | Entered Level 10 of the Dungeon
 13038 | D:10     | Reached skill level 5 in Evocations
 14225 | D:8      | Reached ***** piety under Makhleb
 14243 | Lair:1   | Entered Level 1 of the Lair of Beasts
 15402 | Lair:2   | Noticed a wolf spider
 15414 | Lair:2   | Killed a wolf spider
 15437 | Lair:2   | Reached XP level 12. HP: 40/112 MP: 15/15
 16127 | Lair:2   | Noticed a queen ant
 16181 | Lair:1   | Killed a queen ant
 16250 | Lair:2   | Reached skill level 5 in Armour
 16999 | Lair:2   | Found a staircase to the Shoals.
 17093 | Lair:2   | Learned a level 2 spell: Swiftness
 17096 | Lair:2   | Learned a level 2 spell: Blink
 17584 | Lair:3   | Noticed Sonja
 17620 | Lair:3   | Killed Sonja
 18172 | Lair:4   | Noticed Kirke
 18173 | Lair:4   | Noticed a sphinx
 18274 | Lair:4   | Noticed a sphinx
 18282 | Lair:4   | Killed Kirke
 18282 | Lair:4   | Reached XP level 13. HP: 121/122 MP: 16/16
 18714 | Lair:4   | Found a staircase to the Snake Pit.
 19938 | Lair:5   | Reached ****** piety under Makhleb
 20192 | Lair:6   | Entered Level 6 of the Lair of Beasts
 20515 | Lair:6   | Found a snail-covered altar of Cheibriados.
 20742 | Lair:6   | HP: 4/124 [crocodile (7)]
 20743 | Lair:6   | HP: 1/124 [crocodile (9)]
 20746 | Lair:6   | Slain by a crocodile

Skill      XL: |  1  2  3  4  5  6  7  8  9 10 11 12 13 |
---------------+----------------------------------------+-----
Fighting       | 4 5 6 7 8 9 10 11 13 14 | 14.1
Unarmed Combat | 4 5 6 7 8 9 10 11 13 14 | 14.2
Shields        | 2 4 5 |  5.5
Invocations    | 2 5 |  5.1
Evocations     | 1 4 6 |  6.1
Armour         | 4 7 8 |  8.3
Dodging        | |  2.6
Stealth        | |  2.1

Action                   |  1- 3 |  4- 6 |  7- 9 | 10-12 | 13-15 || total
-------------------------+-------+-------+-------+-------+-------++-------
Melee: Unarmed           |   123 |   257 |   359 |  1106 |   335 ||  2180
       Punch             |       |     4 |       |       |       ||     4
Invok: Lesser Servant of |       |       |       |     3 |       ||     3
Evoke: Wand              |       |       |     8 |    19 |       ||    27
  Use: Scroll            |       |       |     1 |    24 |     1 ||    26
       Potion            |       |       |       |    11 |     3 ||    14
 Stab: Sleeping          |     3 |     8 |     2 |       |       ||    13
       Distracted        |       |       |     1 |       |       ||     1
  Eat: Chunk             |     1 |    16 |    10 |    27 |     6 ||    60
       Royal jelly       |       |       |     1 |       |       ||     1
       Meat ration       |       |       |       |     1 |       ||     1
Armor: Robe              |    26 |    15 |     1 |       |       ||    42
       Ring mail         |       |       |    44 |       |       ||    44
       Chain mail        |       |       |    38 |   231 |       ||   269
       Plate armour      |       |       |       |   294 |   226 ||   520
Dodge: Dodged            |    75 |   140 |   122 |   286 |    80 ||   703
Block: Buckler           |       |       |    75 |   221 |    64 ||   360
